 Dungeon Crawl Stone Soup version 0.22-a0-423-g4197694 (webtiles) character file.

455 iamserjio the Sneak (level 6, -3/41 HPs)
             Began as a Vampire Conjurer on May 23, 2018.
             Slain by Autsider's ghost (5 damage)
             ... on level 4 of the Dungeon.
             The game lasted 00:17:06 (5871 turns).

iamserjio the Sneak (Vampire Conjurer)              Turns: 5871, Time: 00:17:07

Health: -3/41      AC:  0    Str:  8    XL:     6   Next: 76%
Magic:  4/9        EV: 23    Int: 19    God:
Gold:   87         SH:  0    Dex: 19    Spells: 6/9 levels left

rFire    . . .     SeeInvis +   (weapon currently unavailable)
rCold    + . .     Gourm    .   (shield currently unavailable)
rNeg     + + .     Faith    .   (armour currently unavailable)
rPois    +         Spirit   .   (helmet currently unavailable)
rElec    .         Reflect  .   (cloak currently unavailable)
rCorr    .         Harm     .   (gloves currently unavailable)
MR       .....                  (boots currently unavailable)
Stlth    ++++++....             (no amulet)
HPRegen  0.06/turn              (ring currently unavailable)
MPRegen  0.11/turn              (ring currently unavailable)

@: about to teleport, bat-form, flying, regenerating slowly, very quick
A: tiny, fangs 3, see invisible
a: End Transformation


You were on level 4 of the Dungeon.
You were near bloodless.
You were in vampire-bat-form.
You visited 1 branch of the dungeon, and saw 4 of its levels.

You collected 87 gold pieces.

Inventory:

Hand Weapons
 d - a +0 short sword (melded)
Missiles
 b - 3 javelins
 e - 176 stones (quivered)
Armour
 g - a +0 pair of gloves (melded)
 h - a +0 leather armour (melded)
Jewellery
 a - an uncursed ring of stealth {unknown}
Scrolls
 i - a scroll of magic mapping {unknown}
 k - 3 scrolls of remove curse
 l - a scroll of identify {unknown}
 m - a scroll of teleportation
 r - a scroll of random uselessness {unknown}
 s - a scroll of blinking {unknown}
Potions
 c - 8 potions of blood
 f - a potion of degeneration {unknown}
 j - a potion of flight {unknown}
 n - a potion of ambrosia {unknown}
 o - a potion of invisibility {unknown}
 p - a potion of curing {unknown}
 q - a potion of mutation {unknown}
 t - a potion of lignification {unknown}


   Skills:
 * Level 5.3 Short Blades
 + Level 4.3 Dodging
 + Level 6.2 Stealth
 - Level 2.0 Spellcasting
 - Level 3.0 Conjurations


You had 6 spell levels left.
You knew the following spells:

 Your Spells              Type           Power        Failure   Level  Hunger
a - Magic Dart            Conj           ##..         4%          1    #......
b - Searing Ray           Conj           ##....       8%          2    ###....

Your spell library contained the following spells:

 Spells                   Type           Power        Failure   Level  Hunger
 Iskenderun's Mystic Bla  Conj           ##......     43%         4    #####..
 Fulminant Prism          Conj/Hex       #.........   65%         4    #####..
 Dazzling Spray           Conj/Hex       #.....       26%         3    ###....
 Force Lance              Conj/Tloc      #.......     65%         4    #####..


Dungeon Overview and Level Annotations

Branches:
Dungeon (4/15)
 Temple: D:4-7

Altars:
Fedhas
Xom

Annotations:
D:4 Autsider's ghost, amateur NaWr


Innate Abilities, Weirdness & Mutations

You heal slowly.
You have razor-sharp teeth.
You have supernaturally acute eyesight. (SInv)
((You can survive without breathing.))


Message History

An orc comes into view. It is wielding a dagger.
Found a ration. 2 orcs come into view.
An orc comes into view. It is wielding a mace.
The orc shouts! x3; You hear an angry hiss.
The orc shouts!
As you read the scroll of teleportation, it crumbles to dust.
You feel strangely unstable.
You hear a shout! x2
An adder comes into view.
An orc comes into view. It is wielding a club.
An orc comes into view. It is wielding a dagger.
Autsider's ghost hits you.
* * * LOW HITPOINT WARNING * * *
The adder moves out of view.
You turn into a vampire bat.
Your +0 short sword melds into your body.
Your +0 pair of gloves melds into your body.
Your +0 leather armour melds into your body.
The orc misses you. Autsider's ghost hits you.
You die...

#......>.#..........#
####...................#
.......................#
#....# #...............#
.....###...>........%..#
#............#.........#
.............#...o.....#
#..........###..W.......
..รท..##...##
###b.##.... ........#.#
#o...#... ...######.#
.o##.o.o. ##....# #..
#.## ####. .#....# ##..
#. ......# ## o. #.....#
.# ###...# .. ...#


You could see Autsider's ghost and 6 orcs.

Vanquished Creatures
  An ice beast (D:3)
  An ogre (D:4)
  A scorpion (D:3)
  A hound (D:4)
  A centaur zombie (D:3)
  A howler monkey zombie (D:2)
  7 adders
  An ooze (D:1)
  An adder zombie (D:3)
  2 worms
  3 dart slugs
  3 leopard geckos
  An orc (D:3)
  3 goblins
  10 hobgoblins
  10 jackals
  10 bats
  4 frilled lizards
  A jackal zombie (D:3)
  11 kobolds
  A quokka skeleton (D:3)
  8 rats
82 creatures vanquished.

Notes
Turn   | Place    | Note
-------+----------+-------------------------------------------
     0 | D:1      | iamserjio the Vampire Conjurer began the quest for the Orb.
     0 | D:1      | Reached XP level 1. HP: 13/13 MP: 3/3
   504 | D:1      | Reached skill level 1 in Short Blades
   506 | D:1      | Reached XP level 2. HP: 19/19 MP: 1/5
  1139 | D:1      | Reached XP level 3. HP: 22/24 MP: 6/6
  1373 | D:2      | Reached skill level 4 in Stealth
  1610 | D:2      | Learned a level 2 spell: Searing Ray
  2116 | D:2      | Reached XP level 4. HP: 23/30 MP: 4/7
  3737 | D:3      | Found a blossoming altar of Fedhas.
  3798 | D:3      | Noticed an ice beast
  3894 | D:3      | Killed an ice beast
  3894 | D:3      | Reached skill level 5 in Stealth
  3894 | D:3      | Reached XP level 5. HP: 6/35 MP: 0/8
  4264 | D:3      | Found a shimmering altar of Xom.
  4349 | D:3      | Reached XP level 6. HP: 37/41 MP: 1/9
  4621 | D:3      | Found a faded altar of an unknown god.
  4803 | D:4      | Noticed Autsider's ghost (amateur NaWr)
  5638 | D:3      | Reached skill level 5 in Short Blades
  5638 | D:3      | Reached skill level 6 in Stealth
  5870 | D:4      | HP: 2/41 [Autsider's ghost (6)]
  5871 | D:4      | Slain by Autsider's ghost

Vault maps used:
D:1:      dpeg_arrival_arbitrary_c
D:2:      first_ration
D:3:      nicolae_overflow_hidden_temple, chequers_ecumenical_altar_grove,
          serial_undead, serial_undead_f, serial_undead_b, serial_undead_c,
          serial_undead_d, fedhas_altar_4
D:4:      chequers_ossuary_entry_cave, hangedman_abyss_or_decor_lesser_grid,
          st_stairs_14

Skill      XL: |  1  2  3  4  5  6 |
---------------+-------------------+-----
Conjurations   | 3 |  3.0
Short Blades   | 1 2 4 5 |  5.3
Stealth        | 4 5 6 |  6.2
Dodging        | 3 4 |  4.3
Spellcasting   | |  2.0

Action                   |  1- 3 |  4- 6 || total
-------------------------+-------+-------++-------
Melee: Whip              |    84 |       ||    84
       Bite              |     2 |    10 ||    12
       Short sword       |     4 |   113 ||   117
 Cast: Magic Dart        |    58 |    70 ||   128
       Searing Ray       |     2 |    11 ||    13
 Abil: Bat Form          |       |     2 ||     2
       End Transformatio |       |     1 ||     1
  Use: Potion            |     3 |     8 ||    11
       Scroll            |     1 |     2 ||     3
 Stab: Sleeping          |     5 |     6 ||    11
Armor: Robe              |     8 |       ||     8
       Leather armour    |    17 |    43 ||    60
Dodge: Dodged            |    94 |   132 ||   226

Table legend:
 A = Spawn XP
 B = Non-spawn XP
 C = Spawn XP percentage of total XP
 D = Spawn monster count
 E = Non-spawn monster count
 F = Spawn count percentage of total count
 G = Total turns spent on level
                    A         B        C        D         E        F      G
               +---------+---------+-------+---------+---------+-------+---------
         Total |       0 |     650 |   0.0 |       0 |      82 |   0.0 |  5871
               +---------+---------+-------+---------+---------+-------+---------
           D:1 |       0 |      44 |   0.0 |       0 |      25 |   0.0 |  1242
           D:2 |       0 |     108 |   0.0 |       0 |      29 |   0.0 |  2391
           D:3 |       0 |     318 |   0.0 |       0 |      24 |   0.0 |  2103
           D:4 |       0 |     180 |   0.0 |       0 |       4 |   0.0 |   135
               +---------+---------+-------+---------+---------+-------+---------
